SL
DETROIT RENAISSANCE @ PHOENIX HOTSPUR
08/01/2024
 
TOP OF THE 1ST
Detroit Renaissance batting - Pitching for Phoenix Hotspur : RHP Cory Sanders
Pitching: RHP Cory Sanders
Batting: LHB Gustavo Cortéz 0-0: SINGLE (Line Drive, 34D)
Batting: RHB Bernardo Herrera 0-0: Foul Ball, location: 2F
0-1: Fly out, F8 (Flyball, 8RS)
Batting: LHB Mike Silver 0-0: Ball
1-0: Ball
2-0: Called Strike
2-1: 2-RUN HOME RUN (Flyball, 8LXD), Distance : 447 ft
Batting: LHB Juan González 0-0: Called Strike
0-1: Foul Ball, location: 2F
0-2: Ground out 4-3 (Groundball, 34)
Batting: LHB Michael Neely 0-0: Called Strike
0-1: Ball
1-1: Called Strike
1-2: Ground out 4-3 (Groundball, 4)
Top of the 1st over - 2 run(s), 2 hit(s), 0 error(s), 0 left on base; Detroit 2 - Phoenix 0
BOTTOM OF THE 1ST
Phoenix Hotspur batting - Pitching for Detroit Renaissance : RHP Domingo Ramírez
Pitching: RHP Domingo Ramírez
Batting: LHB Arthur Ryan 0-0: Ball
1-0: Called Strike
1-1: Ball
2-1: Ball
3-1: Foul Ball, location: 2F
3-2: Ground out 6-3 (Groundball, 6M)
Batting: RHB John Moore 0-0: Ball
1-0: Foul Ball, location: 2F
1-1: Called Strike
1-2: Foul Ball, location: 2F
1-2: Ball
2-2: Foul Ball, location: 2F
2-2: Fly out, F3 (Popup, 3F)
Batting: RHB Martín Martínez 0-0: Swinging Strike
0-1: Called Strike
0-2: Ball
1-2: Strikes out swinging
Bottom of the 1st over - 0 run(s), 0 hit(s), 0 error(s), 0 left on base; Detroit 2 - Phoenix 0
TOP OF THE 2ND
Detroit Renaissance batting - Pitching for Phoenix Hotspur : RHP Cory Sanders
Batting: LHB Gregory Johnson 0-0: Ball
1-0: Ball
2-0: Ball
3-0: Base on Balls
Batting: RHB Ulbert Sutkamp 0-0: Ball
1-0: Called Strike
Gregory Johnson steals 2nd base
1-1: Called Strike
1-2: Foul Ball, location: 2F
1-2: Ball
2-2: Strikes out swinging
Batting: LHB Tim Waters 0-0: Ball
Gregory Johnson is caught stealing 3rd base
1-0: SINGLE (Groundball, 6)
Batting: LHB Greg Robinson 0-0: Ball
1-0: Foul Ball, location: 2F
1-1: Called Strike
Throwing error on steal attempt, E2
Tim Waters to third
1-2: Ball
2-2: Foul Ball, location: 2F
2-2: Strikes out swinging
Top of the 2nd over - 0 run(s), 1 hit(s), 1 error(s), 1 left on base; Detroit 2 - Phoenix 0
BOTTOM OF THE 2ND
Phoenix Hotspur batting - Pitching for Detroit Renaissance : RHP Domingo Ramírez
Batting: RHB Raúl Robles 0-0: Foul Ball, location: 2F
0-1: Foul Ball, location: 2F
0-2: Ball
1-2: Foul Ball, location: 2F
1-2: Ground out 4-3 (Groundball, 4)
Batting: RHB António Padilla 0-0: Ball
1-0: Ball
2-0: SINGLE (Groundball, 13) (infield hit)
Batting: RHB Gabriel Pérez 0-0: Ball
1-0: Grounds into double play, 5-4-3 (Groundball, 56)
Bottom of the 2nd over - 0 run(s), 1 hit(s), 0 error(s), 0 left on base; Detroit 2 - Phoenix 0
TOP OF THE 3RD
Detroit Renaissance batting - Pitching for Phoenix Hotspur : RHP Cory Sanders
Batting: LHB Gustavo Cortéz 0-0: Called Strike
0-1: Ground out 4-3 (Groundball, 34)
Batting: RHB Bernardo Herrera 0-0: Ball
1-0: Called Strike
1-1: Swinging Strike
1-2: Foul Ball, location: 2F
1-2: Ground out 4-3 (Groundball, 4)
Batting: LHB Mike Silver 0-0: Ball
1-0: Called Strike
1-1: Ball
2-1: Foul Ball, location: 2F
2-2: Foul Ball, location: 2F
2-2: Ball
3-2: Base on Balls
Batting: LHB Juan González 0-0: Ball
1-0: Called Strike
1-1: Ball
Mike Silver steals 2nd base
2-1: Called Strike
2-2: Strikes out swinging
Top of the 3rd over - 0 run(s), 0 hit(s), 0 error(s), 1 left on base; Detroit 2 - Phoenix 0
BOTTOM OF THE 3RD
Phoenix Hotspur batting - Pitching for Detroit Renaissance : RHP Domingo Ramírez
Batting: LHB Shojiro Ueda 0-0: Called Strike
0-1: Foul Ball, location: 2F
0-2: Strikes out swinging
Batting: RHB Alfredo Martínez 0-0: Called Strike
0-1: Ground out 6-3 (Groundball, 6MD)
Batting: LHB Dave Knight 0-0: Ball
1-0: Ball
2-0: Ground out 3-1 (Groundball, 34S)
Bottom of the 3rd over - 0 run(s), 0 hit(s), 0 error(s), 0 left on base; Detroit 2 - Phoenix 0
TOP OF THE 4TH
Detroit Renaissance batting - Pitching for Phoenix Hotspur : RHP Cory Sanders
Batting: LHB Michael Neely 0-0: Swinging Strike
0-1: Ball
1-1: Ball
2-1: Foul Ball, location: 2F
2-2: Ball
3-2: Ground out 4-3 (Groundball, 4MS)
Batting: LHB Gregory Johnson 0-0: Called Strike
0-1: Foul Ball, location: 2F
0-2: Foul Ball, location: 2F
0-2: Strikes out swinging
Batting: RHB Ulbert Sutkamp 0-0: Called Strike
0-1: Ball
1-1: Foul Ball, location: 2F
1-2: Ground out 4-3 (Groundball, 4)
Top of the 4th over - 0 run(s), 0 hit(s), 0 error(s), 0 left on base; Detroit 2 - Phoenix 0
BOTTOM OF THE 4TH
Phoenix Hotspur batting - Pitching for Detroit Renaissance : RHP Domingo Ramírez
Batting: LHB Arthur Ryan 0-0: Called Strike
0-1: Ball
1-1: Called Strike
1-2: SINGLE (Groundball, 3L)
Batting: RHB John Moore 0-0: Grounds into double play, 5-4-3 (Groundball, 5)
Batting: RHB Martín Martínez 0-0: Ball
1-0: Ball
2-0: Ball
3-0: Base on Balls
Batting: RHB Raúl Robles 0-0: Ball
1-0: Ball
Martín Martínez is caught stealing 2nd base
Bottom of the 4th over - 0 run(s), 1 hit(s), 0 error(s), 0 left on base; Detroit 2 - Phoenix 0
TOP OF THE 5TH
Detroit Renaissance batting - Pitching for Phoenix Hotspur : RHP Cory Sanders
Batting: LHB Tim Waters 0-0: Ball
1-0: Foul Ball, location: 2F
1-1: Foul Ball, location: 2F
1-2: Ball
2-2: SINGLE (Groundball, 34D)
Batting: LHB Greg Robinson 0-0: Bunted foul
0-1: Sac Bunt - play at first, batter OUT! 1-4
Tim Waters to second
Batting: LHB Gustavo Cortéz 0-0: Foul Ball, location: 2F
0-1: Ball
1-1: Ball
2-1: Foul Ball, location: 2F
2-2: SINGLE (Flyball, 7S)
Tim Waters to third
Runner from 3rd tries for Home, SAFE, no throw or cutoff
Batting: RHB Bernardo Herrera 0-0: Ball
1-0: Called Strike
1-1: Ball
2-1: Ball
3-1: Base on Balls
Gustavo Cortéz to second
Batting: LHB Mike Silver 0-0: Called Strike
0-1: Ball
1-1: Foul Ball, location: 2F
1-2: Foul Ball, location: 2F
1-2: Strikes out looking
Batting: LHB Juan González 0-0: Swinging Strike
0-1: Fielders Choice at 2nd, U4 (Groundball, 4M)
Top of the 5th over - 1 run(s), 2 hit(s), 0 error(s), 2 left on base; Detroit 3 - Phoenix 0
BOTTOM OF THE 5TH
Phoenix Hotspur batting - Pitching for Detroit Renaissance : RHP Domingo Ramírez
Batting: RHB Raúl Robles 0-0: Swinging Strike
0-1: Swinging Strike
0-2: Ball
1-2: Ball
2-2: Fly out, F9 (Flyball, 9S)
Batting: RHB António Padilla 0-0: Ball
1-0: Foul Ball, location: 2F
1-1: Ball
2-1: Fly out, F8 (Flyball, 8LD)
Batting: RHB Gabriel Pérez 0-0: Ball
1-0: Ball
2-0: Ground out 4-3 (Groundball, 4)
Bottom of the 5th over - 0 run(s), 0 hit(s), 0 error(s), 0 left on base; Detroit 3 - Phoenix 0
TOP OF THE 6TH
Detroit Renaissance batting - Pitching for Phoenix Hotspur : RHP Cory Sanders
Batting: LHB Michael Neely 0-0: Ball
1-0: Foul Ball, location: 2F
1-1: Ground out 4-3 (Groundball, 4)
Batting: LHB Gregory Johnson 0-0: Swinging Strike
0-1: SINGLE (Groundball, 3D)
Batting: RHB Ulbert Sutkamp 0-0: Called Strike
0-1: Ball
1-1: Foul Ball, location: 2F
1-2: Grounds into double play, 4-6-3 (Groundball, 34)
Top of the 6th over - 0 run(s), 1 hit(s), 0 error(s), 0 left on base; Detroit 3 - Phoenix 0
BOTTOM OF THE 6TH
Phoenix Hotspur batting - Pitching for Detroit Renaissance : RHP Domingo Ramírez
Batting: LHB Shojiro Ueda 0-0: Fly out, F9 (Flyball, 9D)
Batting: RHB Alfredo Martínez 0-0: Ground out 5-3 (Groundball, 15S)
Batting: LHB Dave Knight 0-0: Ball
1-0: Called Strike
1-1: Foul Ball, location: 2F
1-2: Ball
2-2: Strikes out looking
Bottom of the 6th over - 0 run(s), 0 hit(s), 0 error(s), 0 left on base; Detroit 3 - Phoenix 0
TOP OF THE 7TH
Detroit Renaissance batting - Pitching for Phoenix Hotspur : RHP Cory Sanders
Batting: LHB Tim Waters 0-0: Called Strike
0-1: Foul Ball, location: 2F
0-2: Ground out 4-3 (Groundball, 4)
Pitching: RHP Jaime van de Weideven
Batting: LHB Greg Robinson 0-0: Ball
1-0: Foul Ball, location: 2F
1-1: SINGLE (Groundball, 56D)
Batting: LHB Gustavo Cortéz 0-0: Called Strike
0-1: Ball
1-1: SINGLE (Flyball, 4MD)
Greg Robinson to second
Batting: RHB Bernardo Herrera 0-0: Grounds into double play, 5-4-3 (Groundball, 56)
Top of the 7th over - 0 run(s), 2 hit(s), 0 error(s), 1 left on base; Detroit 3 - Phoenix 0
BOTTOM OF THE 7TH
Phoenix Hotspur batting - Pitching for Detroit Renaissance : RHP Domingo Ramírez
Batting: LHB Arthur Ryan 0-0: Ball
1-0: Ball
2-0: Foul Ball, location: 2F
2-1: Swinging Strike
2-2: Strikes out swinging
Batting: RHB John Moore 0-0: SINGLE (Line Drive, 5D)
Batting: RHB Martín Martínez 0-0: Called Strike
John Moore steals 2nd base
0-1: Ball
1-1: Swinging Strike
1-2: Strikes out looking
Batting: RHB Raúl Robles 0-0: Swinging Strike
0-1: Ball
1-1: Ball
2-1: 2-RUN HOME RUN (Flyball, 9D), Distance : 389 ft
Batting: RHB António Padilla 0-0: Foul Ball, location: 2F
0-1: Ball
1-1: Ball
2-1: Swinging Strike
2-2: Ball
3-2: Base on Balls
Pinch Hitting: SHB Roberto López 0-0: Called Strike
0-1: Called Strike
0-2: Ball
1-2: Ground out 4-3 (Groundball, 13)
Bottom of the 7th over - 2 run(s), 2 hit(s), 0 error(s), 1 left on base; Detroit 3 - Phoenix 2
TOP OF THE 8TH
Detroit Renaissance batting - Pitching for Phoenix Hotspur : RHP Jaime van de Weideven
Now in LF: Roberto López
Batting: LHB Mike Silver 0-0: Ball
1-0: Ball
2-0: Ball
3-0: Foul Ball, location: 2F
3-1: Base on Balls
Batting: LHB Juan González 0-0: Foul Ball, location: 2F
0-1: Ball
1-1: Ball
2-1: Swinging Strike
2-2: Strikes out swinging
Batting: LHB Michael Neely 0-0: Ball
Mike Silver steals 2nd base
1-0: Ball
2-0: Ball
3-0: Base on Balls
Batting: LHB Gregory Johnson 0-0: Swinging Strike
0-1: Ball
1-1: SINGLE (Groundball, 4)
Mike Silver to third
Michael Neely to second
Runner from 3rd tries for Home, SAFE, no throw or cutoff
Pinch Hitting: RHB Chandler Bailey 0-0: Fielders Choice at 2nd, 1-6 (Groundball, 25)
Michael Neely to third
Batting: LHB Tim Waters 0-0: Ball
1-0: Ball
2-0: DOUBLE (Line Drive, 78D)
Michael Neely scores
Chandler Bailey to third
Runner from 3rd tries for Home, SAFE, throw made at trailing runner, SAFE at third!
Pitching: RHP Pat McCormick
Batting: LHB Greg Robinson 0-0: Ball
1-0: Ball
2-0: Ball
3-0: Called Strike
3-1: Called Strike
3-2: SINGLE (Line Drive, 8LS)
Tim Waters scores
Batting: LHB Gustavo Cortéz 0-0: Called Strike
0-1: Foul Ball, location: 2F
0-2: Ball
1-2: Hit by Pitch
Greg Robinson to second
Batting: RHB Bernardo Herrera 0-0: DOUBLE (Flyball, 8RD)
Greg Robinson scores
Gustavo Cortéz to third
Runner from 3rd tries for Home, SAFE, throw made home
Batting: LHB Mike Silver 0-0: Ball
1-0: Foul Ball, location: 2F
1-1: Swinging Strike
1-2: Strikes out swinging
Top of the 8th over - 6 run(s), 4 hit(s), 0 error(s), 1 left on base; Detroit 9 - Phoenix 2
BOTTOM OF THE 8TH
Phoenix Hotspur batting - Pitching for Detroit Renaissance : RHP Domingo Ramírez
Now at SS: Nathan Horton
Batting: LHB Shojiro Ueda 0-0: Called Strike
0-1: Ball
1-1: Foul Ball, location: 2F
1-2: Ball
2-2: SINGLE (Line Drive, 34D)
Batting: RHB Alfredo Martínez 0-0: Ball
1-0: Ground out 5-3 (Groundball, 56S)
Shojiro Ueda to second
Pitching: RHP Rafael García
Batting: LHB Dave Knight 0-0: Ground out 6-3 (Groundball, 6M)
Shojiro Ueda to third
Batting: LHB Arthur Ryan 0-0: Called Strike
0-1: Ball
1-1: SINGLE (Line Drive, 3D)
Shojiro Ueda scores
Batting: RHB John Moore 0-0: Foul Ball, location: 2F
0-1: Ball
1-1: Foul Ball, location: 2F
1-2: Ground out 5-3 (Groundball, 56)
Bottom of the 8th over - 1 run(s), 2 hit(s), 0 error(s), 1 left on base; Detroit 9 - Phoenix 3
TOP OF THE 9TH
Detroit Renaissance batting - Pitching for Phoenix Hotspur : RHP Pat McCormick
Pitching: RHP Devin Hinton
Batting: LHB Juan González 0-0: Ball
1-0: Ball
2-0: Ball
3-0: Called Strike
3-1: Base on Balls
Batting: LHB Michael Neely 0-0: Ball
1-0: Ball
2-0: Called Strike
2-1: Ball
3-1: Foul Ball, location: 2F
3-2: Base on Balls
Juan González to second
Batting: LHB Gregory Johnson 0-0: Ball
1-0: Ball
2-0: Bunted foul
2-1: Sac Bunt - play at first, batter OUT! 5-4
Juan González to third
Michael Neely to second
Batting: RHB Nathan Horton 0-0: Ball
1-0: SINGLE (Line Drive, 9S)
Juan González scores
Michael Neely to third
Runner from 3rd tries for Home, SAFE, throw made home
Nathan Horton to second
Batting: LHB Tim Waters 0-0: Called Strike
0-1: Ball
1-1: Ball
2-1: Foul Ball, location: 2F
2-2: Strikes out swinging
Batting: LHB Greg Robinson 0-0: Ball
1-0: Ball
2-0: Ball
3-0: Called Strike
3-1: SINGLE (Groundball, 5D)
Nathan Horton to third
Runner from 3rd tries for Home, SAFE, no throw or cutoff
Pitching: RHP Craig Gasnier
Batting: LHB Gustavo Cortéz 0-0: Ball
1-0: Foul Ball, location: 2F
1-1: Ball
2-1: DOUBLE (Flyball, 8RXD)
Greg Robinson to third
Runner from 3rd tries for Home, SAFE, no throw or cutoff
Batting: RHB Bernardo Herrera 0-0: Called Strike
0-1: Called Strike
0-2: Foul Ball, location: 2F
0-2: Strikes out swinging
Top of the 9th over - 4 run(s), 3 hit(s), 0 error(s), 1 left on base; Detroit 13 - Phoenix 3
BOTTOM OF THE 9TH
Phoenix Hotspur batting - Pitching for Detroit Renaissance : RHP Rafael García
Batting: RHB Martín Martínez 0-0: Foul Ball, location: 2F
0-1: Ball
1-1: Called Strike
1-2: Ground out 5-3 (Groundball, 56)
Batting: RHB Raúl Robles 0-0: Foul Ball, location: 2F
0-1: Ball
1-1: Fly out, F9 (Flyball, 9LM)
Batting: RHB António Padilla 0-0: Ball
1-0: Fly out, F4 (Popup, 6MS)
Bottom of the 9th over - 0 run(s), 0 hit(s), 0 error(s), 0 left on base; Detroit 13 - Phoenix 3
This league is powered by Out of the Park Baseball, the baseball management simulation game for PC, Mac and Linux
Monday, October 3rd, 2016 - OOTP Baseball 16.9 Build 39